 Dungeon Crawl Stone Soup version 0.30-a0-847-g17996783a1 (webtiles) character file.

Game seed: 11038687989533992203

268 cforsyth the Sneak (level 6, -6/38 HPs)
             Began as a Kobold Brigand on Mar 3, 2023.
             Mangled by a gnoll
             ... wielding a +1 heavy spear
              (14 damage)
             ... on level 3 of the Dungeon.
             The game lasted 00:02:29 (2362 turns).

cforsyth the Sneak (Kobold Brigand)                 Turns: 2362, Time: 00:02:30

Health: -6/38      AC:  3    Str:  9    XL:     6   Next: 45%
Magic:  6/6        EV:  8    Int: 12    God:
Gold:   162        SH:  0    Dex: 18    Spells: 5/5 levels left

rFire   . . .      SeeInvis .    o - +0 rapier (freeze)
rCold   . . .      Faith    .    (no shield)
rNeg    . . .      Spirit   .    b - +0 robe
rPois   .          Reflect  .    (no helmet)
rElec   .          Rampage  .    c - +0 cloak
rCorr   .                        (no gloves)
Will    .....                    (no boots)
Stlth   +++++                    (no amulet)
HPRegen 0.26/turn                (no ring)
MPRegen 0.10/turn                (no ring)

@: held
A: small, no large weapons, nightstalker 3
a: no special abilities


You were on level 3 of the Dungeon.
You visited 1 branch of the dungeon, and saw 3 of its levels.

You collected 162 gold pieces.

Inventory:

Hand Weapons
 a - a +2 dagger
 o - a +0 rapier of freezing (weapon)
Missiles
 d - 9 poisoned darts (quivered)
 e - 3 curare-tipped darts
Armour
 b - a +0 robe (worn)
 c - a +0 cloak (worn)
Scrolls
 g - 3 scrolls of identify {unknown}
 h - a scroll of magic mapping {unknown}
 i - a scroll of torment {unknown}
 j - a scroll of noise {unknown}
 k - 2 scrolls of enchant weapon {unknown}
Potions
 f - a potion of brilliance {unknown}
 l - 2 potions of degeneration {unknown}
 m - a potion of mutation {unknown}
 n - a potion of attraction {unknown}
 p - a potion of berserk rage {unknown}


   Skills:
 + Level 3.8 Fighting
 + Level 4.8 Short Blades
 - Level 2.1 Throwing
 + Level 3.6 Dodging
 + Level 6.8 Stealth


You had 5 spell levels left.
You didn't know any spells.
Your spell library contained the following spells:

 Spells                   Type           Power      Damage    Failure   Level
 Necrotise                Necr           0%         1d4       32%         1
 Vampiric Draining        Necr           0%         2d6       69%         3
 Agony                    Necr           0%         N/A       100%        5


Dungeon Overview and Level Annotations

Branches:
Dungeon (3/15)

Altars:


Innate Abilities, Weirdness & Mutations

You are small and have problems with some larger weapons.
You are completely attuned to the shadows.


Message History

You see here an adder corpse.
There is a stone staircase leading up, spattered with blood here.
A gnoll is nearby!
A gnoll is nearby!
The gnoll shouts!
You hit the gnoll but do no damage.
You hear a shout! x4
The gnoll hits you with a +0 halberd.
You hit the gnoll. You freeze the gnoll.
The gnoll is heavily wounded.
The gnoll completely misses you.
You hit the gnoll. You freeze the gnoll.
The gnoll is severely wounded.
The gnoll completely misses you.
A gnoll comes into view. It is wielding a +0 flail.
You hit the gnoll.
The gnoll is almost dead.
The gnoll throws a throwing net.
The throwing net closely misses you. The gnoll completely misses you.
You closely miss the gnoll.
The gnoll is almost dead.
The gnoll closely misses you.
You barely miss the gnoll.
The gnoll is almost dead.
The gnoll throws a throwing net.
The throwing net hits you.
You become entangled in the net!
The gnoll hits you with a +0 halberd.
You are held in a net!
You are held in a net!
You are held in a net!
You struggle against the net.
The gnoll closely misses you. x2
The gnoll hits you from afar with a +0 spear.
You struggle against the net.
The gnoll hits you with a +0 halberd!
The gnoll hits you from afar with a +0 spear!
The gnoll barely misses you.
You struggle against the net.
The gnoll hits you with a +0 flail!
* * * LOW HITPOINT WARNING * * *
The gnoll closely misses you. x2
You struggle against the net.
The gnoll hits you from afar with a +1 heavy spear!
You die...

.....# #. .....# ###
....<# #..
.....#######.#
#.#.................#
#................####
....g.......#.##...##
#gg...........###..#
#.@..........# ##..
###g.(.........# ###
............#..###
......<.....#....##
............#..#..###
......#.###.†.....##.
......#.#####..##....
........>###..##..##
.....#.#..##...#..##


You could see 4 gnolls.

Vanquished Creatures
  Sigmund (D:2)
  Jessica (D:2)
  2 adders
  A gnoll (D:2)
  A worm (D:2)
  A dart slug (D:2)
  An endoplasm (D:1)
  3 giant cockroaches
  10 goblins
  5 hobgoblins
  2 jackals (D:1)
  10 kobolds
  2 quokkas (D:2)
  3 ball pythons
  4 bats
  A frilled lizard (D:1)
  6 rats
54 creatures vanquished.

Notes
Turn   | Place    | Note
-------+----------+-------------------------------------------
     0 | D:1      | cforsyth the Kobold Brigand began the quest for the Orb.
     0 | D:1      | Reached XP level 1. HP: 12/12 MP: 1/1
    90 | D:1      | Reached XP level 2. HP: 18/18 MP: 2/2
   275 | D:1      | Reached XP level 3. HP: 18/22 MP: 3/3
   877 | D:2      | Noticed Jessica
   879 | D:2      | Killed Jessica
   880 | D:2      | Reached XP level 4. HP: 27/27 MP: 4/4
  1046 | D:2      | Noticed Sigmund
  1050 | D:2      | Killed Sigmund
  1051 | D:2      | Reached skill level 6 in Stealth
  1051 | D:2      | Reached XP level 5. HP: 33/33 MP: 5/5
  1051 | D:2      | Reached XP level 6. HP: 38/38 MP: 6/6
  2362 | D:3      | Mangled by a gnoll

Illustrated notes

Levels and vault maps discovered:
D:1:      dpeg_arrival_pits, layout_basic, minmay_misc_feat_iff,
          grunt_decor_one_mirror, minivault_11
D:2:      minmay_skewed_foursquare, layout_loops_ring, uniq_jessica,
          uniq_sigmund
D:3:      layout_rooms

Skill      XL: |  1  2  3  4 |
---------------+-------------+-----
Short Blades   | 3 4 |  4.8
Dodging        | 2 3 |  3.6
Fighting       | 3 |  3.8
Stealth        | 6 |  6.8
Throwing       | |  2.1

Action                     |  1- 3 |  4- 6 || total
---------------------------+-------+-------++-------
  Melee: Dagger            |    81 |    35 ||   116
         Punch             |     1 |     1 ||     2
         Rapier            |       |    13 ||    13
   Stab: Sleeping          |     7 |    16 ||    23
 Armour: Robe              |    17 |     3 ||    20
  Dodge: Dodged            |    72 |    24 ||    96

Table legend: (Time is in decaauts)
 A = Elapsed time spent in this place.
 B = Non-inter-level travel time spent in this place.
 C = Inter-level travel time spent in this place.
 D = Time resting spent in this place.
 E = Time spent auto-exploring this place.
 F = Levels seen in this place.
 G = Mean time per level.
                   A        B        C        D        E       F      G
               +--------+--------+--------+--------+--------+-----+--------+
         Total |   2340 |   2232 |    108 |    308 |   1582 |   3 |  780.0 |
       Dungeon |   2340 |   2232 |    108 |    308 |   1582 |   3 |  780.0 |
               +--------+--------+--------+--------+--------+-----+--------+

Top non-repeatable levels by time:
     D:2: 1360 daAuts
     D:1: 864 daAuts
     D:3: 115 daAuts
